 Dungeon Crawl Stone Soup version 0.29.0-11-gd7f09526c8 (webtiles) character file.

Game seed: 230294332899482194

8255 LustLizard the Grappler (level 11, -26/111 HPs)
             Began as a Troll Fighter on Sept 5, 2022.
             Was a Priest of Wu Jian.
             Killed from afar by Erica (32 damage)
             ... with a lance of force
             ... while paralysed by Erica
             ... on level 10 of the Dungeon.
             The game lasted 00:17:15 (8147 turns).

LustLizard the Grappler (Troll Fighter)             Turns: 8147, Time: 00:17:15

Health: -26/111    AC:  8    Str: 26    XL:     11   Next: 7%
Magic:  10/10      EV:  1    Int:  8    God:    Wu Jian [***...]
Gold:   75         SH:  0    Dex:  9    Spells: 10/10 levels left

rFire   . . .      SeeInvis .     - Unarmed
rCold   . . .      Faith    .   b - +0 kite shield
rNeg    . . .      Spirit   .   c - +0 steam dragon scales
rPois   .          Reflect  .   (helmet restricted)
rElec   .          Harm     .   l - +0 cloak
rCorr   .          Rampage  .   (gloves unavailable)
Will    .....                   (boots unavailable)
Stlth   +.........              p - amulet of magic regeneration
HPRegen 1.08/turn               (no ring)
MPRegen 0.52/turn               (no ring)

@: paralysed
A: large, unfitting armour, claws 3, regeneration 1, shaggy fur 1, tough skin 1
a: Renounce Religion, Wall Jump, Serpent's Lash


You were on level 10 of the Dungeon.
You worshipped Wu Jian.
Wu Jian was most pleased with you.
You visited 2 branches of the dungeon, and saw 11 of its levels.

You collected 75 gold pieces.

Inventory:

Missiles
 m - 3 boomerangs
 t - 67 poisoned darts (quivered)
 u - 53 stones
Armour
 a - a +0 robe
 b - a +0 kite shield (worn)
 c - +0 steam dragon scales (worn)
 l - a +0 cloak (worn)
 y - a +2 robe of positive energy
Jewellery
 p - an amulet of magic regeneration (around neck)
 x - a ring of resist corrosion
Wands
 n - a wand of roots (2)
 s - a wand of polymorph (6)
Scrolls
 d - a scroll of teleportation
 f - a scroll of vulnerability {unknown}
 h - 4 scrolls of magic mapping
 i - 2 scrolls of blinking
 k - a scroll of noise
 o - a scroll of fear
 v - a scroll of immolation
 C - a scroll of silence {unknown}
 D - a scroll of fog {unknown}
 E - a scroll of enchant weapon {unknown}
 F - a scroll of brand weapon {unknown}
Potions
 e - 2 potions of attraction {unknown}
 g - 2 potions of brilliance
 j - a potion of mutation {unknown}
 q - 3 potions of degeneration
 r - 3 potions of lignification
 w - a potion of haste {unknown}
 z - a potion of invisibility {unknown}
 A - 2 potions of flight
 B - a potion of heal wounds


   Skills:
 + Level 7.8 Fighting
 + Level 5.2 Dodging
 + Level 8.6 Shields
 * Level 10.7 Unarmed Combat


You had 10 spell levels left.
You didn't know any spells.
Your spell library contained the following spells:

 Spells                   Type           Power      Damage    Failure   Level
 Apportation              Tloc           0%         N/A       63%         1
 Necrotise                Necr           0%         1d4       63%         1
 Summon Small Mammal      Summ           0%         N/A       63%         1
 Portal Projectile        Hex/Tloc       0%         N/A       94%         3
 Tukima's Dance           Hex            0%         N/A       94%         3
 Blade Hands              Tmut           0%         N/A       100%        5
 Borgnjor's Revivificati  Necr           0%         N/A       100%        8
 Necromutation            Tmut/Necr      0%         N/A       100%        8
 Death's Door             Necr           0%         N/A       100%        9


Dungeon Overview and Level Annotations

Branches:
Dungeon (10/15)            Temple (1/1) D:6            Lair (0/5) D:8
    Orc: D:9-12

Altars:
Ashenzari
Cheibriados
Dithmenos
Elyvilon
Fedhas
Gozag
Hepliaklqana
Kikubaaqudgha
Makhleb
Nemelex Xobeh
Okawaru
Qazlal
Ru
Sif Muna
Trog
Uskayaw
Vehumet
Wu Jian
Xom
Yredelemnul
Zin
The Shining One

Shops:
D:9 (   D:10 [

Annotations:
D:8 3 runed translucent doors, Theoretic's ghost, novice TrCA; iguanaiguana's ghost, novice MiFi
D:10 Erica


Innate Abilities, Weirdness & Mutations

You are too large for most types of armour.
You have claws for hands.
Your natural rate of healing is unusually fast.
You are covered in fur. (AC +1)
You have tough skin. (AC +1)


Message History

You resist with significant effort.
There is an open door here.
You lunge at Erica.
You closely miss Erica. You block Erica's attack.
You scratch Erica but do no damage.
Erica points at you and mumbles some strange words.
The lance of force hits you!!
You are knocked back by the lance of force.
You slam into the rock wall!
You lunge at Erica.
You claw Erica!
Erica is lightly wounded.
Erica hits you with a +1 scimitar of flaming!
Erica burns you.
You scratch Erica.
Erica is lightly wounded.
Erica hits you with a +1 scimitar of flaming!
Erica burns you.
You barely miss Erica.
Erica is lightly wounded.
You closely miss Erica.
Erica is lightly wounded.
Erica gestures at you while chanting. The lance of force hits you!!
You are knocked back by the lance of force.
You slam into the rock wall!
* * * LOW HITPOINT WARNING * * *
You lunge at Erica.
You scratch Erica.
Erica is moderately wounded.
Erica hits you with a +1 scimitar of flaming!
* * * LOW HITPOINT WARNING * * *
Erica burns you.
* * * LOW HITPOINT WARNING * * *
You barely miss Erica.
Erica is moderately wounded.
Erica zaps a wand.
You easily resist.
You barely miss Erica.
Erica is moderately wounded.
Erica zaps a wand.
You suddenly lose the ability to move!
Erica gestures at you while chanting. The lance of force hits you!!
You die...

####### .@..... ###
####### #####
.......
#.#...#...####....
....... #@#.#
###.#..+.... .......
#####@..# #.'.##....
>......###...'.#####
#.####....
.......@...###.....#
#.# #....
.......#####
#####.###.# #####
....... #.........#
#.... ##.####
#####'##### #.### #
#..# ####'##
#####'####.....#


You could see Erica.

Vanquished Creatures
  Pikel (D:8)
  Joseph (D:8)
  Maurice (D:8)
  Maggie (D:6)
  A troll (D:10)
  Sigmund (D:6)
  2 wyverns (D:8)
  A wraith (D:9)
  Grum (D:8)
  A basilisk (D:8)
  4 yaks (D:8)
  A steam dragon (D:8)
  4 water moccasins (D:8)
  4 orc warriors
  4 black bears
  2 ice beasts (D:6)
  A sky beast (D:8)
  2 ogres (D:6)
  6 wolves (D:8)
  5 centaurs
  3 phantoms
  Blork the orc (D:6)
  5 kobold brigands
  6 bullfrogs
  2 scorpions
  8 wights (D:7)
  4 howler monkeys
  2 orc priests
  A jelly (D:6)
  Crazy Yiuf (D:3)
  A hound (D:5)
  A gnoll bouda (D:9)
  Jessica (D:2)
  6 iguanas
  7 orc wizards
  7 gnolls
  11 adders
  A shadow imp (D:5)
  A white imp (D:6)
  An ufetubus (D:7)
  A worm (D:2)
  2 dart slugs
  33 orcs
  3 ball pythons
  7 endoplasms
  A giant cockroach (D:1)
  12 goblins
  8 hobgoblins
  3 jackals (D:5)
  28 kobolds
  2 quokkas (D:4)
  7 bats
  3 frilled lizards
  4 rats
228 creatures vanquished.

Vanquished Creatures (others)
  A sky beast (D:6)
  5 fungi (D:8)
  13 plants (D:8)
  6 withered plants (D:8)
25 creatures vanquished.

Grand Total: 253 creatures vanquished

Notes
Turn   | Place    | Note
-------+----------+-------------------------------------------
     0 | D:1      | LustLizard the Troll Fighter began the quest for the Orb.
     0 | D:1      | Reached XP level 1. HP: 22/22 MP: 0/0
   163 | D:1      | Reached XP level 2. HP: 29/29 MP: 1/1
   747 | D:2      | Reached XP level 3. HP: 31/36 MP: 2/2
   869 | D:2      | Noticed Jessica
   874 | D:2      | Killed Jessica
   923 | D:2      | Reached skill level 3 in Unarmed Combat
   975 | D:2      | Reached XP level 4. HP: 45/45 MP: 3/3
  1689 | D:3      | Found a radiant altar of Vehumet.
  1775 | D:3      | Found a glowing golden altar of the Shining One.
  1910 | D:3      | Found a shimmering blue altar of Sif Muna.
  1914 | D:3      | Reached XP level 5. HP: 53/53 MP: 4/4
  2037 | D:3      | Found a faded altar of an unknown god.
  2257 | D:3      | Found a runed translucent door.
  2258 | D:3      | Noticed Crazy Yiuf
  2263 | D:3      | Killed Crazy Yiuf
  2439 | D:3      | Reached skill level 4 in Unarmed Combat
  2439 | D:3      | Reached XP level 6. HP: 40/62 MP: 5/5
  2729 | D:4      | Found a hazy altar of Hepliaklqana.
  2908 | D:5      | Entered Level 5 of the Dungeon
  2908 | D:5      | Found a hide-covered altar of Uskayaw.
  3176 | D:5      | Reached XP level 7. HP: 58/70 MP: 6/6
  3410 | D:5      | Reached skill level 5 in Shields
  3410 | D:5      | Reached skill level 5 in Unarmed Combat
  3611 | D:5      | Identified the +0 ring mail "Qehupho" {Contam rElec Int+2}
  3763 | D:6      | Noticed Blork the orc
  3775 | D:6      | Killed Blork the orc
  3819 | D:6      | Reached skill level 5 in Fighting
  3819 | D:6      | Reached XP level 8. HP: 69/80 MP: 7/7
  4148 | D:6      | Reached skill level 6 in Unarmed Combat
  4332 | D:6      | Noticed Sigmund
  4344 | D:6      | Killed Sigmund
  4638 | D:6      | Noticed Maggie
  4652 | D:6      | Killed Maggie
  4653 | D:6      | Reached skill level 7 in Unarmed Combat
  4653 | D:6      | Reached XP level 9. HP: 40/89 MP: 8/8
  4812 | D:6      | Found a staircase to the Ecumenical Temple.
  4937 | Temple   | Entered the Ecumenical Temple
  5045 | Temple   | Became a worshipper of the Wu Jian Council
  5471 | D:7      | Reached skill level 8 in Unarmed Combat
  5528 | D:7      | Reached * piety under Wu Jian
  5689 | D:7      | Found an ancient bone altar of Kikubaaqudgha.
  6019 | D:8      | Noticed Grum
  6075 | D:8      | Found a runed translucent gate.
  6075 | D:8      | Found a runed translucent gate.
  6078 | D:8      | Found a runed translucent gate.
  6079 | D:8      | Noticed iguanaiguana's ghost (novice MiFi)
  6079 | D:8      | Noticed Theoretic's ghost (novice TrCA)
  6129 | D:8      | Reached XP level 10. HP: 76/102 MP: 9/9
  6144 | D:8      | Reached skill level 9 in Unarmed Combat
  6178 | D:8      | Noticed Pikel
  6189 | D:8      | Killed Pikel
  6236 | D:8      | Found a staircase to the Lair.
  6297 | D:8      | Reached ** piety under Wu Jian
  6306 | D:8      | Noticed Joseph
  6322 | D:8      | Killed Joseph
  6442 | D:8      | Noticed Maurice
  6453 | D:8      | Reached skill level 10 in Unarmed Combat
  6460 | D:8      | Killed Grum
  6468 | D:8      | HP: 4/102 [something (7)]
  6656 | D:8      | Killed Maurice
  6657 | D:8      | Reached skill level 5 in Dodging
  7476 | D:9      | Reached XP level 11. HP: 111/111 MP: 10/10
  7494 | D:9      | Found Poteleok's Weapon Emporium.
  7788 | D:9      | Reached *** piety under Wu Jian
  7956 | D:10     | Entered Level 10 of the Dungeon
  7993 | D:10     | Found Sueq's Antique Armour Shop.
  8123 | D:10     | Noticed Erica
  8144 | D:10     | HP: 3/111 [Erica/+1 scimitar of flaming (5)]
  8146 | D:10     | Paralysed by Erica for 4 turns
  8147 | D:10     | Killed from afar by Erica

Illustrated notes

Levels and vault maps discovered:
D:1:      grunt_arrival_crossed_arrows, layout_basic
D:2:      kennysheep_the_goblin_king, layout_basic, uniq_jessica
D:3:      layout_loops_ring, overflow_temple_1_default, lemuel_crystal_altar,
          tso_oasis_becter, shapermc_ecumenical_altar_flowoftime,
          kennysheep_generic_room_10, uniq_crazy_yiuf_cottage
D:4:      layout_rooms, kennysheep_little_box
D:5:      layout_loops_ring, mainiacjoe_overflow_small_starburst
D:6:      layout_loops_corners, minmay_temple_entry_nine_rooms, uniq_sigmund,
          uniq_maggie, uniq_blork_the_orc
D:7:      layout_rooms, nicolae_overflow_hidden_temple
D:8:      layout_loops_ring, minmay_lair_entry_grove, gammafunk_ghost_cemetery,
          kennysheep_generic_room_12, uniq_joseph, uniq_grum, uniq_pikel,
          uniq_maurice
D:9:      layout_loops_corners, serial_shops, shop
D:10:     layout_roguey, kennysheep_orc_monster_closet_entryway, special_room
          [special_room_bee], serial_shops, nicolae_shop_hallway_stairs,
          uniq_erica
Temple:   regret_index_temple_sphere_string

Skill      XL: |  1  2  3  4  5  6  7  8  9 10 |
---------------+-------------------------------+-----
Shields        | 3 4 5 6 7 8 |  8.6
Fighting       | 3 4 5 6 7 |  7.8
Unarmed Combat | 3 4 5 7 8 10 | 10.7
Dodging        | 3 5 |  5.2

Action                   |  1- 3 |  4- 6 |  7- 9 | 10-12 || total
-------------------------+-------+-------+-------+-------++-------
Melee: Unarmed           |    75 |   229 |   300 |   247 ||   851
Throw: Dart              |       |       |     3 |     8 ||    11
Invok: Lunge             |       |       |     6 |    19 ||    25
       Whirlwind         |       |       |       |     5 ||     5
  Use: Scroll            |       |     2 |     9 |     2 ||    13
       Potion            |       |       |     2 |     5 ||     7
 Stab: Sleeping          |       |       |     1 |       ||     1
Armor: Robe              |    22 |    60 |    29 |       ||   111
       Steam dragon scal |       |       |    55 |    52 ||   107
Dodge: Dodged            |    38 |    76 |    90 |    65 ||   269
Block: Kite shield       |    31 |    87 |   117 |    82 ||   317
